 Dungeon Sprint DCSS version 0.19.5 (webtiles) character file.

1757 Kagutsuchi the Fighter (level 8, -16/127 HPs)
             Began as a Pale Draconian Berserker on Mar 18, 2017.
             Was a Priest of Trog.
             Demolished by a kraken (33 damage)
             ... in the Dungeon (Sprint II: "The Violet Keep of Menkaure").
             The game lasted 00:05:18 (1120 turns).

Kagutsuchi the Fighter (Pale Draconian Berserker)   Turns: 1120, Time: 00:05:19

Health: -16/127    AC: 13    Str: 25    XL:     8   Next: 79%
Magic:  8/8        EV: 18    Int:  7    God:    Trog [***...]
Gold:   401        SH:  0    Dex: 13    Spells: 0 memorised, 7 levels left

rFire  . . .     SeeInvis .     j - +0 rapier (protect)
rCold  . . .     Gourm    .     (armour unavailable)
rNeg   . . .     Faith    .     (no shield)
rPois  .         Spirit   .     (helmet restricted)
rElec  .         Reflect  .     (no cloak)
rCorr  .         Harm     .     (no gloves)
MR     .....     NoTele   +     (no boots)
Stlth  ..........               (no amulet)
                                (no ring)
                                (no ring)

@: berserking (expiring), short of breath, protection aura, very quick
A: breathe steam, unfitting armour, cold-blooded, AC +6
a: Breathe Steam, Berserk, Trog's Hand, Burn Spellbooks, Renounce Religion


You were in the Dungeon.
You worshipped Trog.
Trog was most pleased with you.
You were not hungry.

You visited 1 branch You collected 1246 gold pieces.
You spent 845 gold pieces at shops.

Inventory:

Hand Weapons
 a - a +0 falchion
 j - a +0 rapier of protection (weapon)
Missiles
 i - 2 needles of sleeping
Jewellery
 r - an uncursed ring of ice {unknown}
Scrolls
 h - 4 scrolls of blinking
 n - a scroll of recharging {unknown}
 o - 2 scrolls of enchant weapon {unknown}
 q - 2 scrolls of remove curse {unknown}
 t - 3 scrolls of identify {unknown}
 u - 2 scrolls of enchant armour {unknown}
 w - a scroll of immolation {unknown}
Potions
 c - 7 potions of curing
 d - 3 potions of heal wounds
 e - a potion of haste
 f - 5 potions of magic
 g - a potion of berserk rage
 m - 4 potions of resistance {unknown}
 p - 3 potions of flight {unknown}
 v - a potion of beneficial mutation {unknown}
 x - a potion of cancellation {unknown}
Comestibles
 b - 4 bread rations
 k - a beef jerky
 l - 2 royal jellies
 s - a meat ration


   Skills:
 + Level 12.4 Fighting
 + Level 4.0(8.5) Short Blades
 + Level 11.5(11.8) Long Blades
 + Level 10.5 Dodging
 + Level 1.1 Stealth


You had 7 spell levels left.
You didn't know any spells.

Dungeon Overview and Level Annotations

Branches:
Dungeon (1/1)

Altars:
Cheibriados
Dithmenos
Elyvilon
Fedhas
Gozag
Hepliaklqana
Kikubaaqudgha
Makhleb
Nemelex Xobeh
Okawaru
Qazlal
Ru
Sif Muna
Trog
Uskayaw
Vehumet
Xom
Yredelemnul
Zin
The Shining One
Beogh
Jiyva
Lugonu

Shops:
D [%:!}?====(*[:%!

Annotations:
D exclusion: oklob plant


Innate Abilities, Weirdness & Mutations

You can breathe blasts of scalding, opaque steam.
Your pale cyan-grey scales are hard. (AC +6)
You cannot fit into any form of body armour.
You are cold-blooded and may be slowed by cold attacks.


Message History

The tentacle slaps you!
The tentacle is engulfed in a cloud of scalding steam.
The tentacle slaps you but does no damage.
You barely miss the tentacle.
The tentacle is severely wounded.
You puncture the tentacle! You tail-slap the tentacle.
The tentacle is almost dead.
The tentacle slaps you!!
* * * LOW HITPOINT WARNING * * *
The tentacle slaps you!
* * * LOW HITPOINT WARNING * * *
You puncture the tentacle!
You kill the tentacle!
The tentacle barely misses you.
The tentacle slaps you but does no damage.
The kraken completely misses you. The tentacle misses you.
You hit the kraken. You tail-slap the kraken!
The kraken is almost dead.
The kraken bites you!!
You die...

#\}▓..([.(.(▓▓
.####[§▓...(.)..▓▓
...####▓(.......▓▓
#..# .#▓).(.[..(▓▓
+..# .#▓.(.....(▓▓
#..# .#▓.(..(...▓▓
#..##.#▓[....)).▓▓
##.^.##▓▓▓▓▓▓▓'▓▓▓▓+▓
.≈≈≈≈≈≈≈≈≈≈≈≈≈..@X≈≈▓
.)#'########+###w≈≈≈▓
.≈#_._._...#≈t§##≈≈≈▓
§≈#._._._..#§≈§§####▓
≈≈#_._._._.#§§≈§≈#
≈§#._._._._#§§≈≈≈§
≈≈#.._._._.#§§§§≈≈
≈≈#..._._._#≈≈≈§≈§
§§#...._._.#≈≈§≈§§


You could see a kraken and a tentacle.

Vanquished Creatures
  A siren (D)
  A yaktaur (D)
  3 polar bears (D)
  A hornet (D)
  2 hippogriffs (D)
  Menkaure (D)
  A crocodile (D)
  A scorpion (D)
  4 worker ants (D)
  3 worms (D)
  3 tentacles (D)
21 creatures vanquished.

Vanquished Creatures (collateral kills)
  A tentacle (D)
1 creature vanquished.

Vanquished Creatures (others)
  A crocodile (D)
  7 tentacles (D)
8 creatures vanquished.

Grand Total: 30 creatures vanquished

Notes
Turn   | Place    | Note
-------+----------+-------------------------------------------
     0 | D        | Kagutsuchi the Draconian Berserker began the quest for the Orb.
     0 | D        | Reached XP level 1. HP: 19/19 MP: 1/1
     1 | D        | Noticed a siren
    10 | D        | Killed a siren
    10 | D        | Reached skill level 8 in Fighting
    10 | D        | Reached XP level 2. HP: 35/36 MP: 2/2
    10 | D        | Reached XP level 3. HP: 40/41 MP: 3/3
    10 | D        | Reached XP level 4. HP: 48/49 MP: 4/4
    10 | D        | Reached XP level 5. HP: 55/56 MP: 5/5
    10 | D        | Reached XP level 6. HP: 61/62 MP: 6/6
    39 | D        | Noticed Menkaure
    44 | D        | Killed Menkaure
    44 | D        | Reached ** piety under Trog
    44 | D        | Reached skill level 9 in Fighting
   118 | D        | Reached *** piety under Trog
   178 | D        | Noticed a hippogriff
   178 | D        | Noticed a hippogriff
   181 | D        | Killed a hippogriff
   181 | D        | Reached skill level 10 in Fighting
   181 | D        | Your scales start taking on a pale cyan-grey colour.
   181 | D        | Reached XP level 7. HP: 73/73 MP: 7/7
   187 | D        | Killed a hippogriff
   187 | D        | Reached skill level 11 in Fighting
   187 | D        | Reached skill level 10 in Long Blades
   226 | D        | Reached **** piety under Trog
   253 | D        | Found Hoedaz's Jewellery Emporium.
   253 | D        | Found Saekhlyobb's General Store.
   253 | D        | Found Zeoquor's Book Emporium.
   253 | D        | Found Iniess's Jewellery Shoppe.
   253 | D        | Found Huthrieg's Antique Weapon Shoppe.
   254 | D        | Found Lyloj's Jewellery Shoppe.
   254 | D        | Found Hes Qaipn's Distillery.
   254 | D        | Found Xaehur Vucu's Antique Armour Shoppe.
   254 | D        | Found Luziany's Food Shoppe.
   255 | D        | Found Nofeb's Jewellery Shoppe.
   255 | D        | Found Payly's Magic Scroll Emporium.
   255 | D        | Noticed a manticore
   257 | D        | Noticed a manticore
   258 | D        | Found Ykoif's Gadget Emporium.
   258 | D        | Found Resownoid's Distillery.
   258 | D        | Noticed a manticore
   258 | D        | Noticed an oklob plant
   259 | D        | Found Famumoywu's Food Shoppe.
   259 | D        | Found Vydidibb's Book Shoppe.
   259 | D        | Found Hostrit's Antique Armour Emporium.
   276 | D        | Received a gift from Trog
   294 | D        | Bought a runed rapier for 250 gold pieces
   297 | D        | Bought a potion of curing for 42 gold pieces
   307 | D        | Bought a potion of curing for 42 gold pieces
   307 | D        | Bought 2 potions of curing for 84 gold pieces
   307 | D        | Bought a potion of curing for 42 gold pieces
   307 | D        | Bought a potion of curing for 42 gold pieces
   307 | D        | Bought 2 potions of heal wounds for 140 gold pieces
   307 | D        | Noticed a yak
   309 | D        | Bought a bread ration for 55 gold pieces
   309 | D        | Bought a beef jerky for 16 gold pieces
   309 | D        | Bought a bread ration for 55 gold pieces
   309 | D        | Bought a royal jelly for 22 gold pieces
   309 | D        | Bought a bread ration for 55 gold pieces
   425 | D        | Noticed an obsidian statue
   436 | D        | Found an opulent altar of Gozag.
   436 | D        | Found an iron altar of Okawaru.
   437 | D        | Found a sparkling altar of Nemelex Xobeh.
   437 | D        | Found a blossoming altar of Fedhas.
   439 | D        | Found a burning altar of Makhleb.
   439 | D        | Found a white marble altar of Elyvilon.
   439 | D        | Found a radiant altar of Vehumet.
   440 | D        | Found a corrupted altar of Lugonu.
   440 | D        | Found a shadowy altar of Dithmenos.
   440 | D        | Found a hide-covered altar of Uskayaw.
   441 | D        | Found an ancient bone altar of Kikubaaqudgha.
   441 | D        | Found a bloodstained altar of Trog.
   441 | D        | Found a snail-covered altar of Cheibriados.
   441 | D        | Found a glowing golden altar of the Shining One.
   442 | D        | Found a deep blue altar of Sif Muna.
   442 | D        | Found a viscous altar of Jiyva.
   442 | D        | Found a glowing silver altar of Zin.
   442 | D        | Found a roughly hewn altar of Beogh.
   444 | D        | Noticed a polar bear
   445 | D        | Noticed a polar bear
   447 | D        | Noticed a yaktaur
   447 | D        | Noticed a hornet
   454 | D        | Killed a polar bear
   454 | D        | Reached XP level 8. HP: 82/82 MP: 8/8
   455 | D        | Noticed a polar bear
   461 | D        | Killed a polar bear
   461 | D        | Reached skill level 1 in Short Blades
   461 | D        | Reached skill level 10 in Dodging
   466 | D        | Killed a hornet
   466 | D        | Reached skill level 12 in Fighting
   472 | D        | Killed a polar bear
   485 | D        | Killed a yaktaur
   485 | D        | Reached skill level 1 in Stealth
   501 | D        | Found a basalt altar of Yredelemnul.
   501 | D        | Found a sacrificial altar of Ru.
   502 | D        | Found a shimmering altar of Xom.
   502 | D        | Found a stormy altar of Qazlal.
   504 | D        | Found a hazy altar of Hepliaklqana.
   743 | D        | Noticed a kraken
  1120 | D        | Demolished by a kraken

Skill      XL: |  1  2  3  4  5  6  7  8 |
---------------+-------------------------+-----
Fighting       | 8 10 11 12 | 12.4
Long Blades    | 7 9 10 11 | 11.5
Dodging        | 7 8 9 10 | 10.5
Short Blades   | 4 |  4.0
Stealth        | 1 |  1.1

Action                   |  1- 3 |  4- 6 |  7- 9 || total
-------------------------+-------+-------+-------++-------
Melee: Falchion          |     7 |    24 |    27 ||    58
       Tailslap          |       |     8 |    17 ||    25
       Rapier            |       |       |    60 ||    60
Invok: Berserk           |     1 |     1 |     2 ||     4
       Brothers in Arms  |       |       |     3 ||     3
 Abil: Breathe Steam     |       |       |     1 ||     1
  Use: Potion            |       |       |     1 ||     1
  Eat: Bread ration      |       |       |     2 ||     2
Armor: Skin              |     1 |     2 |    23 ||    26
Dodge: Dodged            |     3 |    18 |    82 ||   103
       Rpst.: Falchion   |     1 |     5 |     3 ||     9
